 Dungeon Crawl Stone Soup version 0.20.0-14-g326068f (webtiles) character file.

51 Chiseanne the Skirmisher (level 3, 0/29 HPs)
             Began as a Demonspawn Wanderer on June 7, 2017.
             Slain by an adder (2 damage)
             ... on level 2 of the Dungeon.
             The game lasted 00:02:19 (1778 turns).

Chiseanne the Skirmisher (Demonspawn Wanderer)      Turns: 1778, Time: 00:02:20

Health: 0/29       AC:  3    Str: 13    XL:     3   Next: 57%
Magic:  3/3        EV: 12    Int: 11    God:
Gold:   53         SH:  0    Dex: 14    Spells: 2/2 levels left

rFire    . . .     SeeInvis .   a - +2 quarterstaff
rCold    . . .     Gourm    .   (shield currently unavailable)
rNeg     . . .     Faith    .   l - +0 leather armour
rPois    .         Spirit   .   (no helmet)
rElec    .         Reflect  .   (no cloak)
rCorr    .         Harm     .   (no gloves)
MR       .....                  (no boots)
Stlth    +.........             (no amulet)
Regen    0.1/turn               (no ring)
MPRegen  0.1/turn               (no ring)

@: lethally poisoned (0 -> -3), flying, hasted, very quick
A: hooves 1, demonic guardian 1
a: no special abilities


You were on level 2 of the Dungeon.
You were hungry.

You visited 1 branch of the dungeon, and saw 2 of its levels.

You collected 53 gold pieces.

Inventory:

Hand Weapons
 a - a +2 quarterstaff (weapon)
Missiles
 i - 16 arrows
 j - 11 stones (quivered)
 m - 11 sling bullets
Armour
 l - a +0 leather armour (worn)
Jewellery
 d - an uncursed ring of stealth {unknown}
 n - an uncursed ring of protection from fire {unknown}
Scrolls
 c - a scroll of teleportation
 e - a scroll of fear {unknown}
 g - a scroll of amnesia {unknown}
 h - 9 scrolls of identify {unknown}
 o - a scroll of immolation {unknown}
Comestibles
 f - 2 bread rations


   Skills:
 * Level 3.0 Fighting
 - Level 1.0 Staves
 - Level 1.7 Throwing
 * Level 2.1 Armour
 * Level 2.6 Dodging
 - Level 1.0 Stealth


You had 2 spell levels left.
You didn't know any spells.

Dungeon Overview and Level Annotations

Branches:
Dungeon (2/15)

Altars:


Innate Abilities, Weirdness & Mutations

You have large cloven feet.
A weak demonic guardian rushes to your aid.


Message History

The adder is moderately wounded.
You feel sick. The adder bites you. The adder bites you but does no damage.
You closely miss the adder.
The adder is moderately wounded.
The adder barely misses you. The adder bites you.
* * * LOW HITPOINT WARNING * * *
You hit the adder. Your kick misses the adder.
The adder is almost dead.
You feel sick. The adder bites you.
* * * LOW HITPOINT WARNING * * *
It was a potion of cancellation.
You feel magically purged. The adder bites you but does no damage.
The adder bites you.
* * * LOW HITPOINT WARNING * * *
It was a potion of flight.
You feel very buoyant.
You fly up into the air.
* * * LOW HITPOINT WARNING * * *
You feel sick. The adder closely misses you.
It was a potion of haste.
You feel yourself speed up. The adder bites you.
You die...

.# #.# #.....#)#
#.# ## #.#
#.###.#.# #.# #.#
#.# #.#.# #.# #.#
#.# #.#.# #.##
#.# #.###.#.#
#... #.#
#.....#.# #### .
#.# #######.#
....###########.#
.....bS@........#
#################


You could see an adder and a bat.

Vanquished Creatures
  An ooze (D:1)
  A dart slug (D:1)
  2 leopard geckos (D:1)
  A giant cockroach (D:1)
  7 goblins
  3 hobgoblins
  10 jackals
  3 kobolds
  4 bats
  6 rats
  A toadstool (D:1)
39 creatures vanquished.

Vanquished Creatures (others)
  3 toadstools (D:1)
3 creatures vanquished.

Grand Total: 42 creatures vanquished

Notes
Turn   | Place    | Note
-------+----------+-------------------------------------------
     0 | D:1      | Chiseanne the Demonspawn Wanderer began the quest for the Orb.
     0 | D:1      | Chiseanne set off with: a +2 quarterstaff, a +0 spear, a scroll of teleportation, a +0 robe, a bread ration
     0 | D:1      | Reached XP level 1. HP: 16/16 MP: 1/1
   420 | D:1      | Gained mutation: You have large cloven feet. [demonic ancestry]
   420 | D:1      | Reached XP level 2. HP: 17/23 MP: 2/2
   868 | D:1      | Gained mutation: A weak demonic guardian rushes to your aid. [demonic ancestry]
   868 | D:1      | Reached XP level 3. HP: 14/28 MP: 3/3
  1578 | D:2      | Reached skill level 3 in Fighting
  1778 | D:2      | Slain by an adder

Skill      XL: |  1  2  3 |
---------------+----------+-----
Dodging        | 2 |  2.6
Armour         | 2 |  2.1
Fighting       | 3 |  3.0
Staves         | |  1.0
Throwing       | |  1.7
Stealth        | |  1.0

Action                   || total
-------------------------++-------
Melee: Quarterstaff      ||   102
       Kick              ||    17
  Use: Potion            ||     3
  Eat: Chunk             ||     2
Armor: Robe              ||    28
       Leather armour    ||     6
Dodge: Dodged            ||   110
